 Dungeon Crawl Stone Soup version 0.26-a0-812-g31a745ddcd (webtiles) character file.

Game seed: 10603297258515065311

88 kae the Insei (level 4, -3/25 HPs)
             Began as a Tengu Transmuter on Nov 16, 2020.
             Slain by Natasha (4 damage)
             ... on level 3 of the Dungeon.
             The game lasted 00:02:10 (3077 turns).

kae the Insei (Tengu Transmuter)                    Turns: 3077, Time: 00:02:11

Health: -3/25      AC:  4    Str: 11    XL:     4   Next: 53%
Magic:  7/8        EV: 12    Int: 14    God:
Gold:   193        SH:  0    Dex: 14    Spells: 6/7 levels left

rFire    . . .     SeeInvis .     - Unarmed
rCold    . . .     Faith    .   (no shield)
rNeg     . . .     Spirit   .   a - +0 robe
rPois    .         Reflect  .   (helmet currently unavailable)
rElec    .         Harm     .   f - +0 cloak
rCorr    .         Rampage  .   k - +0 pair of gloves
MR       .....                  (boots unavailable)
Stlth    +.........             (no amulet)
HPRegen  0.08/turn              (no ring)
MPRegen  0.11/turn              (no ring)

@: appendages
A: beak, horns 2, talons 3
a: End Transformation


You were on level 3 of the Dungeon.
You had grown temporary horns.
You visited 1 branch of the dungeon, and saw 3 of its levels.

You collected 193 gold pieces.

Inventory:

Armour
 a - a +0 robe (worn)
 f - a +0 cloak (worn)
 k - a +0 pair of gloves (worn)
Jewellery
 g - an uncursed ring of protection from magic {unknown}
Scrolls
 i - a scroll of amnesia {unknown}
 l - a scroll of remove curse {unknown}
Potions
 b - a potion of might
 c - a potion of flight
 d - a potion of invisibility
 e - 2 potions of berserk rage {unknown}
 h - a potion of ambrosia {unknown}
 j - a potion of mutation {unknown}


   Skills:
 - Level 1.0 Fighting
 - Level 2.1 Dodging
 + Level 4.2 Unarmed Combat
 - Level 2.0 Spellcasting
 * Level 3.2 Transmutations


You had 6 spell levels left.
You knew the following spells:

 Your Spells              Type           Power        Failure   Level
a - Beastly Appendage     Tmut           ##....       6%          1

Your spell library contained the following spells:

 Spells                   Type           Power        Failure   Level
 Wereblood                Tmut           ##......     10%         2
 Spider Form              Tmut/Pois      #.........   36%         3
 Ice Form                 Ice/Tmut       #.......     77%         4
 Blade Hands              Tmut           ##........   86%         5


Dungeon Overview and Level Annotations

Branches:
Dungeon (3/15)

Altars:

Annotations:
D:3 Natasha


Innate Abilities, Weirdness & Mutations

You have a beak for a mouth.
You have claws for feet.
You have a pair of horns on your head.


Message History

Confirm with . or Enter, or press ? or * to list all spells.
You grow a pair of large bovine horns.
Natasha barely misses you. Natasha claws you!
You hit Natasha. You claw Natasha.
Natasha is heavily wounded.
Natasha stares at you and mumbles some strange words.
The magic dart hits you.
You closely miss Natasha. You claw Natasha.
Natasha is heavily wounded.
Natasha claws you.
* * * LOW HITPOINT WARNING * * *
You closely miss Natasha. You claw Natasha.
Natasha is severely wounded.
Natasha claws you.
* * * LOW HITPOINT WARNING * * *
Okay, then.
You barely miss Natasha.
Natasha is heavily wounded.
Natasha claws you.
You die...

....###.# #.#
.....#.######.######
#................
#...#.###>.##.... #
#...#......##.### #.
##.######.###.#
#.###......... #.# #
#......####### #.# #
#..@h..#########.###
#.###>..............
# #$....#.......###
#...#.#.#........
#...#[#.'..[.....
#..h#.###........
....# ..........
####. ######.### ..
..


You could see Natasha.

Vanquished Creatures
  3 adders
  2 oozes
  2 worms (D:2)
  A dart slug (D:1)
  2 leopard geckos
  An orc (D:3)
  2 giant cockroaches
  5 goblins
  3 hobgoblins
  4 jackals (D:2)
  5 kobolds
  A quokka (D:2)
  4 bats
  2 frilled lizards (D:2)
  4 rats
  A toadstool (D:1)
42 creatures vanquished.

Vanquished Creatures (others)
  A fungus (D:1)
  3 toadstools (D:1)
4 creatures vanquished.

Grand Total: 46 creatures vanquished

Notes
Turn   | Place    | Note
-------+----------+-------------------------------------------
     0 | D:1      | kae the Tengu Transmuter began the quest for the Orb.
     0 | D:1      | Reached XP level 1. HP: 12/12 MP: 4/4
   116 | D:1      | Reached XP level 2. HP: 15/16 MP: 4/6
  1339 | D:2      | Reached XP level 3. HP: 6/20 MP: 7/7
  1584 | D:2      | HP: 1/20 [worm (9)]
  2352 | D:2      | Reached skill level 4 in Unarmed Combat
  2352 | D:2      | Reached XP level 4. HP: 25/25 MP: 6/8
  3064 | D:3      | Noticed Natasha
  3076 | D:3      | HP: 1/25 [Natasha (3)]
  3077 | D:3      | Slain by Natasha

Illustrated notes

Levels and vault maps discovered:
D:1:      mushboom_english_gardens, layout_basic, minmay_gold_behind_fungi,
          serial_bayou_crossing
D:2:      layout_rooms, chequers_hall_statues_wall_a, minivault_26
D:3:      layout_basic, nicolae_ru_awakened_eye, uniq_natasha

Skill      XL: |  1  2  3  4 |
---------------+-------------+-----
Transmutations | 2 3 |  3.2
Unarmed Combat | 4 |  4.2
Fighting       | |  1.0
Dodging        | |  2.1
Spellcasting   | |  2.0

Action                   |  1- 3 |  4- 6 || total
-------------------------+-------+-------++-------
Melee: Unarmed           |    82 |    29 ||   111
       Kick              |    14 |     7 ||    21
       Peck              |    12 |     1 ||    13
       Headbutt          |    10 |     4 ||    14
 Cast: Beastly Appendage |    17 |     8 ||    25
  Use: Scroll            |     1 |     4 ||     5
Armor: Robe              |    15 |    10 ||    25
Dodge: Dodged            |    39 |    23 ||    62

Table legend: (Time is in decaauts)
 A = Elapsed time spent in this place.
 B = Non-inter-level travel time spent in this place.
 C = Inter-level travel time spent in this place.
 D = Time resting spent in this place.
 E = Time spent auto-exploring this place.
 F = Levels seen in this place.
 G = Mean time per level.
                   A        B        C        D        E       F      G
               +--------+--------+--------+--------+--------+-----+--------+
         Total |   3076 |   2995 |     81 |    507 |   2121 |   3 | 1025.3 |
       Dungeon |   3076 |   2995 |     81 |    507 |   2121 |   3 | 1025.3 |
               +--------+--------+--------+--------+--------+-----+--------+

Top non-repeatable levels by time:
     D:1: 1828 daAuts
     D:2: 840 daAuts
     D:3: 407 daAuts
